Map: 2000 Atmospheres LE

Players

Lambo

  • Race: Zerg Zerg

Serral - Winner!

  • Race: Zerg Zerg

Event: DreamHack SC2 Masters 2021 Winter

VOD

Have the link to the VOD?

Description

Time

  • Played on: Oct. 12, 2021, 11:03 a.m.
  • Length: 7:15

All games in this series

Show
View Real Time Build Order
Export as new Build Order

Lambo Zerg 

Build Orders: Hatch First 

Get SALT Encoding   

  12  0:00  Drone  
  13  0:12  Overlord  
  13  0:19  Drone  
  14  0:31  Drone x2  
  16  0:46  Hatchery  
  15  0:50  Drone  
  15  0:54  Drone  
  18  0:57  Drone  
  18  1:08  Extractor  
  17  1:11  Spawning Pool  
  17  1:15  Drone  
  18  1:18  Drone  
  18  1:27  Drone  
  19  1:38  Drone  
  20  1:49  Drone  
  21  1:58  Queen x2  
  21  1:59  Zergling x2, Overlord  
  26  2:08  Metabolic Boost  
  26  2:09  Drone  
  26  2:10  Drone  
  28  2:20  Drone  
  28  2:22  Zergling x2  
  30  2:30  Drone  
  30  2:35  Hatchery  
  30  2:39  Drone  
  30  2:41  Drone  
  32  2:48  Baneling Nest  
  31  2:52  Overlord  
  31  2:55  Drone  
  31  2:57  Drone  
  33  3:01  Queen  
  35  3:07  Drone  
  35  3:10  Drone x3  
  35  3:12  Zergling x2  
  40  3:13  Zergling x2  
  40  3:17  Overlord  
  41  3:20  Zergling x2  
  41  3:22  Drone  
  43  3:29  Drone  
  43  3:32  Baneling  
  44  3:38  Roach Warren, Extractor  
  44  3:41  Drone x3  
  45  3:42  Drone x2  
  45  3:43  Drone  
  45  3:45  Drone  
  45  3:48  Drone  
  50  3:54  Drone  
  51  3:55  Evolution Chamber  
  51  3:57  Drone  
  51  4:02  Overlord  
  51  4:06  Overlord  
  51  4:08  Overlord  
  50  4:13  Overlord  
  50  4:19  Overlord  
  50  4:22  Roach x4  
  50  4:23  Roach  
  60  4:25  Roach  
  60  4:27  Roach  
  64  4:34  Drone x3  
  64  4:35  Drone  
  68  4:41  Drone  
  68  4:42  Lair  
  68  4:43  Zerg Missile Weapons Level 1, Drone  
  70  4:47  Drone x2  
  70  4:49  Drone  
  70  4:50  Drone  
  74  4:53  Drone x2  
  74  4:55  Drone  
  74  4:58  Drone, Extractor  
  74  4:59  Extractor  
  76  5:00  Overlord  
  76  5:02  Drone  
  76  5:04  Drone x2  
  79  5:11  Drone x2  
  79  5:12  Evolution Chamber  
  80  5:17  Drone x6  
  80  5:20  Drone  
  80  5:21  Drone  
  87  5:23  Drone x2  
  87  5:25  Drone x2  
  87  5:28  Extractor x2  
  88  5:37  Drone  
  88  5:38  Overlord  
  88  5:41  Hatchery  
  89  5:42  Drone  
  89  5:44  Overlord  
  89  5:48  Spire  
  88  5:57  Roach x5  
  88  6:01  Drone  
  99  6:06  Overlord  
  99  6:10  Drone  
  99  6:11  Drone, Evolution Chamber  
  100  6:12  Roach x4  
  100  6:17  Roach x2  
  111  6:22  Drone  
  112  6:26  Drone x2  
  112  6:27  Drone x6  
  120  6:40  Extractor  
  120  6:41  Overlord  
  120  6:42  Overlord  
  120  6:44  Extractor  
  118  6:49  Overlord  
Show
View Real Time Build Order
Export as new Build Order

Serral Zerg - Winner!

Build Orders: Hatch First 

Get SALT Encoding   

  12  0:00  Drone  
  13  0:12  Overlord  
  13  0:16  Drone  
  14  0:30  Drone x2  
  16  0:49  Hatchery  
  15  0:52  Drone  
  15  0:55  Drone  
  17  0:59  Drone  
  18  1:09  Extractor  
  17  1:15  Spawning Pool  
  17  1:17  Drone  
  17  1:21  Drone  
  18  1:27  Drone  
  19  1:38  Drone  
  20  1:49  Drone  
  21  2:01  Queen x2  
  21  2:02  Zergling x2, Overlord  
  26  2:10  Drone  
  26  2:11  Drone  
  26  2:12  Metabolic Boost  
  28  2:22  Zergling x2  
  29  2:23  Drone  
  30  2:35  Hatchery  
  29  2:37  Drone  
  29  2:40  Drone  
  31  2:45  Baneling Nest  
  31  2:49  Drone  
  31  2:53  Overlord  
  31  2:56  Drone  
  32  2:59  Drone  
  32  3:05  Queen  
  33  3:11  Drone  
  33  3:12  Drone  
  37  3:13  Drone  
  37  3:14  Drone  
  37  3:18  Overlord  
  39  3:21  Zergling x2  
  39  3:24  Zergling x2  
  39  3:26  Zergling x2  
  42  3:27  Zergling x2  
  42  3:30  Drone  
  42  3:34  Drone, Evolution Chamber  
  43  3:40  Drone x3  
  47  3:42  Drone  
  47  3:48  Drone x3  
  50  3:55  Roach Warren  
  49  3:56  Drone  
  49  4:00  Zerg Missile Weapons Level 1  
  50  4:03  Drone x2  
  50  4:07  Drone x2  
  50  4:09  Drone x2  
  56  4:16  Lair, Extractor  
  55  4:17  Extractor  
  55  4:19  Zergling x2  
  55  4:20  Overlord  
  55  4:22  Drone  
  55  4:23  Drone  
  57  4:26  Overlord  
  57  4:27  Drone  
  57  4:30  Overlord  
  58  4:33  Overlord  
  57  4:39  Roach x2  
  57  4:43  Roach x2  
  65  4:51  Baneling  
  65  4:53  Spine Crawler  
  65  4:54  Drone x5  
  65  4:57  Roach x2  
  74  5:00  Roach x2  
  74  5:02  Drone x3  
  74  5:05  Overlord  
  81  5:08  Drone x2, Baneling  
  81  5:12  Overlord  
  83  5:15  Drone x2  
  83  5:21  Glial Reconstitution  
  84  5:22  Overlord  
  84  5:26  Roach x4  
  91  5:28  Extractor  
  91  5:29  Extractor  
  91  5:30  Overlord  
  91  5:35  Overlord  
  89  5:36  Overseer  
  89  5:44  Overlord  
  89  5:47  Roach x5  
  99  5:53  Overlord  
  99  5:55  Roach  
  99  5:56  Roach x3  
  107  5:59  Overlord  
  107  6:03  Roach  
  107  6:04  Roach x2  
  113  6:09  Overlord  
  113  6:11  Roach x3  
  119  6:15  Overlord  
  119  6:16  Roach  
  119  6:17  Roach  
  123  6:24  Roach x3  
  129  6:30  Roach x4  
  137  6:35  Roach x3  
  142  6:41  Roach x3  
  142  6:46  Overlord  
  146  6:50  Roach  
  146  6:54  Roach x3  

Tags
 
Add a new tag
Caveats
  • Supply blocks, unpowered buildings, or Contaminate may cause inaccurate times.
  • Supply counts are checked every 10 seconds.